 Dungeon Crawl Stone Soup version 0.18-a0-888-gdb73dea (webtiles) character file.

10332 dvd the Slinger (level 11, -19/102 HPs)
             Began as a Deep Dwarf Artificer on Dec 23, 2015.
             Was a High Priest of Pakellas.
             Demolished by a komodo dragon (28 damage)
             ... on level 2 of the Lair of Beasts.
             The game lasted 01:31:28 (12073 turns).

dvd the Slinger (Deep Dwarf Artificer)             Turns: 12073, Time: 01:31:29

Health: -19/102    AC: 10    Str: 17    XL:     11   Next: 34%
Magic:  18/18      EV: 17    Int: 15    God:    Pakellas [*****.]
Gold:   573        SH:  3    Dex: 15    Spells: 2 memorised, 6 levels left

rFire  . . .     SeeInvis .     c - +1 short sword (venom)
rCold  + . .     Gourm    .     r - +1 leather armour "Hahi" {-Tele rElec rC+ Int+3}
rNeg   . . .     Faith    .     (no shield)
rPois  +         Spirit   .     (no helmet)
rElec  +         Dismiss  .     R - +0 cloak (curse)
rCorr  .         Reflect  +     (no gloves)
SustAt .         Harm     .     (no boots)
MR     ++...     NoTele   +     B - +3 amulet of reflection
Stlth  +++.......               O - ring of protection from magic
                                x - +3 ring of protection

@: non-regenerating, repel missiles, very resistant to hostile enchantments,
fairly stealthy
A: damage resistance, recharge devices, icy blue scales 1, sense surroundings 2,
poison resistance, robust 1, slow regeneration 3, evolution 1
a: Device Recharging, Quick Charge, Device Surge, Renounce Religion


You were on level 2 of the Lair of Beasts.
You worshipped Pakellas.
Pakellas was extremely pleased with you.
You were not hungry.

You visited 3 branches of the dungeon, and saw 12 of its levels.
You also visited: Sewer.

You collected 573 gold pieces.

Inventory:

Hand Weapons
 a - a +1 flail of draining
 b - a +6 hunting sling of freezing
 c - a +1 short sword of venom (weapon)
 P - a +0 halberd of chopping
 S - a +0 broad axe
Missiles
 s - 479 stones (quivered)
 J - 19 sling bullets
Armour
 r - the +1 leather armour "Hahi" (worn) {-Tele rElec rC+ Int+3}
   (You found it on level 7 of the Dungeon)

   It affects your intelligence (+3).
   It protects you from cold.
   It insulates you from electricity.
   It prevents most forms of teleportation.
 I - a +2 ring mail of poison resistance
 R - a cursed +0 cloak (worn)
Rods
 d - a +3 rod of shadows (13/13)
   (Pakellas gifted it to you on level 7 of the Dungeon)
Jewellery
 u - an uncursed amulet of dismissal
 x - a +3 ring of protection (left hand)
 B - a +3 amulet of reflection (around neck)
 D - an uncursed ring of wizardry
 O - a ring of protection from magic (right hand)
 T - an uncursed ring of fire
Wands
 e - a wand of random effects (28/48)
 f - a wand of heal wounds (4/9)
 i - a wand of fireball (4/15)
 t - a wand of confusion (10/48)
 F - a wand of cold (4/15)
 L - a wand of enslavement (4/24)
 N - a wand of fire (2/15)
 Q - a wand of magic darts (12/48)
Scrolls
 k - a scroll of blinking
 l - 2 scrolls of magic mapping
 m - 9 scrolls of teleportation
 o - 4 scrolls of remove curse
 v - 3 scrolls of identify
 w - 3 scrolls of fear
 y - a scroll of fog
Potions
 n - 2 potions of magic
 p - 4 potions of brilliance
 z - a potion of curing
 C - a potion of cure mutation
 G - 2 potions of flight
 M - 3 potions of berserk rage
 V - 2 potions of haste
Books
 E - a book of Minor Magic

   Spells                             Type                      Level
   a - Magic Dart                     Conjuration                  1
   b - Blink                          Translocation                2
   c - Call Imp                       Summoning                    2
   d - Repel Missiles                 Charms/Air                   2
   e - Slow                           Hexes                        2
   f - Conjure Flame                  Conjuration/Fire             3
   g - Mephitic Cloud                 Conjuration/Poison/Air       3
 H - a book of Ice

   Spells                             Type                      Level
   a - Ice Form                       Ice/Transmutation            4
   b - Metabolic Englaciation         Hexes/Ice                    5
   c - Ozocubu's Refrigeration        Ice                          6
   d - Bolt of Cold                   Conjuration/Ice              6
   e - Freezing Cloud                 Conjuration/Ice/Air          6
   f - Simulacrum                     Ice/Necromancy               6
 U - a book of Geomancy

   Spells                             Type                      Level
   a - Sandblast                      Earth                        1
   b - Stoneskin                      Transmutation/Earth          2
   c - Passwall                       Transmutation/Earth          3
   d - Stone Arrow                    Conjuration/Earth            3
   e - Petrify                        Transmutation/Earth          4
   f - Lee's Rapid Deconstruction     Earth                        5
Comestibles
 g - 5 bread rations
 h - 3 royal jellies
 j - 19 chunks of flesh
 q - 6 fruits
 A - 7 meat rations
 W - a beef jerky


   Skills:
 + Level 4.8 Fighting
 + Level 2.0 Short Blades
 + Level 4.3 Maces & Flails
 + Level 1.5 Polearms
 + Level 10.7(10.8) Slings
 + Level 1.2(5.8) Throwing
 + Level 6.4 Armour
 + Level 9.2 Dodging
 + Level 4.2 Stealth
 + Level 0.1 Spellcasting
 + Level 0.1 Charms
 + Level 0.1 Air Magic
 * Level 10.1 Evocations


You had 6 spell levels left.
You knew the following spells:

 Your Spells              Type           Power        Failure   Level  Hunger
a - Repel Missiles        Chrm/Air       #.....       50%         2    ###....
b - Stoneskin             Trmt/Erth      #.......     50%         2    ###....


Dungeon Overview and Level Annotations

Branches:
Dungeon (9/15)             Temple (1/1) D:4            Lair (2/8) D:9
    Orc: D:9-12

Altars:
Ashenzari
Cheibriados
Dithmenos
Elyvilon
Fedhas
Gozag
Kikubaaqudgha
Makhleb
Nemelex Xobeh
Okawaru
Pakellas
Qazlal
Ru
Sif Muna
Trog
Vehumet
Xom
Yredelemnul
Zin
The Shining One


Innate Abilities, Weirdness & Mutations

You are resistant to damage.
You can recharge devices by infusing magical energy.
You passively map the area around you.
You do not regenerate naturally.
You are partially covered in icy blue scales (AC +1).
Your system is resistant to poisons.
You are robust (+10% HP).
You evolve.


Message History

The sling bullet hits the komodo dragon!
The sling bullet freezes the komodo dragon.
The komodo dragon is severely wounded.
The komodo dragon misses you.
Wield which item (- for none, * to show all)? (? for menu, Esc to quit)
Your +6 hunting sling of freezing stops glowing.
It begins to drip with poison!
c - a +1 short sword of venom (weapon)
You hit the komodo dragon but do no damage.
The komodo dragon is severely wounded.
The komodo dragon bites you!!
You hit the komodo dragon.
The komodo dragon is poisoned.
The komodo dragon is severely wounded.
The komodo dragon bites you!!
* * * LOW HITPOINT WARNING * * *
You completely miss the komodo dragon.
The komodo dragon is severely wounded.
The komodo dragon hisses menacingly.
The komodo dragon bites you!!
You die...

* , ,
#..#.............#.....# ,
*,,##..#.#.#.(##......#.....
, * #.####..#.###............
, *,##...............>.......
, , #.......................
,, ,
,##.......................
*..##.###.##.#...............
,,
......##.###................
,
,((.(((....l@.......P.##.##..
##....##....##......#.###.##
* #...........#.....#......##
, *
#.....P...........##.....## ,
#...........##...........[##
+ , +.+.....#....#
............#. , *....##.....
.....P.....รท##
#.....###...#.....##.P.##..
#####
P.....#.##.##.....##..P.PP.


You could see a komodo dragon.

Vanquished Creatures
  The ghost of Armakuni the Grave Robber, a novice HuWz of Okawaru (Lair:1)
  An ugly thing (D:9)
  Joseph (D:7)
  A black mamba (Lair:1)
  A spiny frog (Lair:1)
  The ghost of PeterLawrence the Basher, a novice GrFi (D:5)
  6 komodo dragons (Lair:2)
  A troll (D:9)
  Blork the orc (D:5)
  Grinder (D:5)
  A wyvern (D:9)
  A wraith (D:8)
  The ghost of Uberwunderbarhen the Insei, an amateur OpTm of Sif Muna (D:4)
  3 water moccasins (Lair:2)
  7 wolves
  The ghost of tp1 the Magician, an amateur DECj (D:3)
  4 porcupines (Lair:1)
  2 sky beasts
  2 ice beasts
  A necrophage (D:5)
  2 big kobolds (D:6)
  5 ogres
  3 crocodiles
  7 giant frogs
  6 killer bees
  3 scorpions
  A troll zombie (D:8)
  A wight (D:8)
  An electric eel (D:6)
  A troll skeleton (D:8)
  2 crimson imps
  10 hounds
  3 giant frog skeletons
  7 orc wizards
  2 giant frog zombies
  4 human zombies (D:8)
  4 iguanas
  4 orc priests
  3 human skeletons (D:8)
  7 worker ants
  A killer bee zombie (D:9)
  A hound zombie (D:7)
  A mummy (D:8)
  A hound skeleton (D:5)
  14 gnolls
  3 worker ant zombies
  10 river rats
  6 adders
  2 shadow imps
  An ooze (D:6)
  2 adder skeletons
  2 worms
  5 giant geckos
  26 orcs
  3 giant cockroaches
  33 goblins
  22 hobgoblins
  7 kobolds
  7 quokkas
  6 ball pythons
  3 bats
  A giant cockroach zombie (D:6)
  9 giant newts
  8 jackals
  A jackal zombie (D:3)
  A quokka skeleton (D:5)
  10 rats
  A plant (Lair:2)
301 creatures vanquished.

Vanquished Creatures (collateral kills)
  A porcupine (Lair:1)
  An orc warrior (D:8)
  3 killer bees (D:9)
  An adder (Sewer)
  A gnoll (D:4)
  9 river rats
  2 orcs (D:8)
  2 gnoll zombies (D:8)
  A ball python (Sewer)
  7 rats (Sewer)
28 creatures vanquished.

Vanquished Creatures (others)
  A komodo dragon (Lair:2)
  Edmund (D:5)
  A gnoll shaman (D:4)
  2 river rats
  A goblin (D:6)
6 creatures vanquished.

Grand Total: 335 creatures vanquished

Notes
Turn   | Place    | Note
--------------------------------------------------------------
     0 | D:1      | dvd the Deep Dwarf Artificer began the quest for the Orb.
     0 | D:1      | Reached XP level 1. HP: 16/16 MP: 3/3
    52 | D:1      | Reached skill level 1 in Fighting
   129 | D:1      | Reached XP level 2. HP: 22/25 MP: 5/5
   333 | D:1      | Reached skill level 1 in Short Blades
   620 | D:1      | Reached XP level 3. HP: 23/31 MP: 6/6
  1130 | D:2      | Found a shadowy altar of Dithmenos.
  1752 | D:3      | Found a glowing drain.
  1768 | D:3      | Reached skill level 5 in Evocations
  1768 | D:3      | Reached XP level 4. HP: 35/38 MP: 7/7
  1786 | Sewer    | Entered a sewer
  1824 | Sewer    | Reached skill level 1 in Armour
  1889 | Sewer    | Reached skill level 1 in Slings
  1949 | Sewer    | Gained mutation: You are robust (+10% HP). [potion of beneficial mutation]
  2472 | D:3      | Reached XP level 5. HP: 14/48 MP: 8/8
  2505 | D:3      | Noticed tp1's ghost (amateur DECj)
  2597 | D:3      | Found an oddly glowing altar of Pakellas.
  2598 | D:3      | Found a bloodstained altar of Trog.
  2606 | D:3      | Became a worshipper of Pakellas the Inventive
  2640 | D:3      | Found a blossoming altar of Fedhas.
  2915 | D:4      | Noticed Uberwunderbarhen's ghost (amateur OpTm)
  3011 | D:3      | Found a glowing silver altar of Zin.
  3133 | D:4      | Reached XP level 6. HP: 36/57 MP: 8/10
  3210 | D:4      | Found a staircase to the Ecumenical Temple.
  3217 | Temple   | Entered the Ecumenical Temple
  3383 | D:4      | Killed Uberwunderbarhen's ghost
  3413 | D:4      | Reached * piety under Pakellas
  3447 | D:4      | Found a shattered altar of Ashenzari.
  3510 | D:4      | Reached skill level 1 in Maces & Flails
  3675 | D:4      | Reached XP level 7. HP: 49/66 MP: 7/11
  3792 | D:4      | Found a shimmering altar of Xom.
  3938 | D:5      | Entered Level 5 of the Dungeon
  3938 | D:5      | Noticed PeterLawrence's ghost (novice GrFi)
  4086 | D:5      | Noticed Blork the orc
  4112 | D:5      | Found an iron altar of Okawaru.
  4351 | D:5      | Found an opulent altar of Gozag.
  4351 | D:5      | Noticed Edmund
  4464 | D:3      | Killed tp1's ghost
  4577 | D:5      | Your ally died
  4585 | D:5      | Killed Blork the orc
  4585 | D:5      | Reached skill level 5 in Slings
  4585 | D:5      | Reached skill level 5 in Dodging
  4585 | D:5      | Reached XP level 8. HP: 44/74 MP: 4/12
  4688 | D:6      | Found a sparkling altar of Nemelex Xobeh.
  5058 | D:6      | Learned a level 2 spell: Repel Missiles
  5111 | D:6      | Found a radiant altar of Vehumet.
  5417 | D:6      | Reached skill level 6 in Evocations
  5554 | D:6      | Reached ** piety under Pakellas
  5554 | D:6      | Received a gift from Pakellas
  5881 | D:6      | Reached *** piety under Pakellas
  6473 | D:7      | Reached skill level 5 in Armour
  6483 | D:7      | Gained mutation: You passively map the area around you. [Deep Dwarf growth]
  6483 | D:7      | Reached XP level 9. HP: 35/85 MP: 8/13
  6635 | D:7      | Noticed Joseph
  6638 | D:7      | Killed Joseph
  6735 | D:7      | Got a translucent leather armour
  6751 | D:7      | Identified the cursed +1 leather armour "Hahi" {-Tele rElec rC+ Int+3} (You found it on level 7 of the Dungeon)
  7034 | D:7      | Reached **** piety under Pakellas
  7034 | D:7      | Received a gift from Pakellas
  7038 | D:7      | Identified a +3 rod of shadows (13/13) (Pakellas gifted it to you on level 7 of the Dungeon)
  7349 | D:8      | Found a sacrificial altar of Ru.
  7678 | D:8      | Reached skill level 7 in Slings
  8320 | D:8      | Found a basalt altar of Yredelemnul.
  8484 | D:8      | Reached skill level 1 in Throwing
  8511 | D:8      | Reached skill level 1 in Polearms
  8720 | D:8      | Found a basalt altar of Yredelemnul.
  8897 | D:9      | Gained mutation: Your system is resistant to poisons. [potion of mutation]
  8897 | D:9      | Gained mutation: You are partially covered in icy blue scales (AC +1). [potion of mutation]
  8897 | D:9      | Gained mutation: You evolve. [potion of mutation]
  8941 | D:9      | Found a staircase to the Lair.
  9029 | D:9      | Reached skill level 8 in Slings
  9029 | D:9      | Reached XP level 10. HP: 53/95 MP: 4/15
  9478 | D:5      | Reached ***** piety under Pakellas
  9619 | D:5      | Killed PeterLawrence's ghost
  9850 | D:5      | Learned a level 2 spell: Stoneskin
  9942 | D:5      | Found a snail-covered altar of Cheibriados.
  9974 | D:5      | Noticed Grinder
  9982 | D:5      | Killed Grinder
 10251 | D:9      | Noticed a red ugly thing
 10281 | D:9      | Killed a red ugly thing
 10289 | D:9      | Reached skill level 9 in Slings
 10493 | D:9      | Found a deep blue altar of Sif Muna.
 10674 | Lair:1   | Entered Level 1 of the Lair of Beasts
 10705 | Lair:1   | Noticed Armakuni's ghost (novice HuWz)
 10726 | Lair:1   | Killed Armakuni's ghost
 10877 | Lair:1   | Reached skill level 10 in Slings
 10984 | Lair:1   | Noticed a black mamba
 10989 | Lair:1   | Killed a black mamba
 10989 | Lair:1   | Reached XP level 11. HP: 80/102 MP: 8/17
 12015 | Lair:2   | Reached skill level 10 in Evocations
 12073 | Lair:2   | Demolished by a komodo dragon

Vault maps used:
D:1:      elethiomel_arrival_shortcut
D:2:      minmay_misc_feat_ornament, nicolae_dithmenos_through_a_glass_darkly
D:3:      lemuel_round_altar, zin_statuary, gammafunk_temple_overflow_pools,
          portal_sewer_entry_b
D:4:      nicolae_ashenzari_panopticon, tgw_xom, temple_green,
          hangedman_decor_lopped, serial_bayou_ford_a,
          hangedman_abyss_or_decor_passed
D:5:      old_standard_altar, okawaru_metal_pillars_1_2,
          cheibrodos_worm_habitat, first_bread, hangedman_decor_opposing,
          uniq_edmund, uniq_blork_the_orc, uniq_grinder
D:6:      minmay_goblin_kobold_castle, fiery_altar_vehumet,
          nemelex_xobeh_ov_fountains_minmay, hangedman_decor_growths
D:7:      uniq_joseph
D:8:      lemuel_zombie_altar_yredelemnul, lemuel_crystal_altar,
          lemuel_mausoleum_altar_yredelemnul
D:9:      led_sif_pool, erik_lair_island
Temple:   hc_temple_tempest_star_small
Lair:2:   beast_lair_carwin_10, uniq_nergalle
Sewer:    sewer_co_cracked_pipes

Action                   |  1- 3 |  4- 6 |  7- 9 | 10-12 || total
-------------------------+-------+-------+-------+-------++-------
Melee: Short sword       |   106 |   138 |    23 |    73 ||   340
       Spear             |    39 |       |       |       ||    39
       Hunting sling     |    15 |       |     6 |       ||    21
       Flail             |       |    74 |    69 |   112 ||   255
       Club              |       |       |     6 |       ||     6
       Dire flail        |       |       |   198 |       ||   198
       Halberd           |       |       |    69 |     6 ||    75
 Fire: Hunting sling     |    24 |    94 |   229 |   161 ||   508
Throw: Stone             |       |     7 |     3 |    10 ||    20
 Cast: Repel Missiles    |       |       |     1 |     1 ||     2
Invok: Quick Charge      |       |     1 |     8 |     7 ||    16
       Device Surge      |       |       |       |     2 ||     2
Evoke: Wand              |    31 |    20 |    38 |    28 ||   117
       Rod               |       |       |     7 |     8 ||    15
  Use: Scroll            |     8 |     7 |     8 |     3 ||    26
       Potion            |       |     7 |     4 |     5 ||    16
 Stab: Sleeping          |     2 |       |     1 |     4 ||     7
       Paralysed         |     4 |       |       |       ||     4
       Confused          |       |       |       |     1 ||     1
  Eat: Chunk             |     3 |     7 |    17 |    13 ||    40
       Pizza             |       |       |     2 |       ||     2
       Beef jerky        |       |       |     1 |     1 ||     2
